Detroit Red Wings vs Quebec Nordiques
Created - Sunday, November 24, 2024 at 08:53
Goals
|
| Detroit Red Wings |
1 |
0 |
0 |
0 |
2 |
2 |
| Quebec Nordiques |
1 |
0 |
0 |
0 |
1 |
1 |
|
Shots
|
| Detroit Red Wings |
8 |
13 |
13 |
3 |
9 |
37 |
| Quebec Nordiques |
5 |
12 |
7 |
1 |
9 |
25 |
|
1st period
1. Detroit Red Wings , Matthew Boldy 30 (Carter Verhaeghe 40, Mika Zibanejad 53) at 4:32 (PP)
2. Quebec Nordiques , Jordan Greenway 15 (Michael McCarron 11) at 16:39
Penalties :
John Gibson (QUE) for Slashing (Minor) at 3:31 - Marc Staal served the penalty, Raphael Lavoie (DET) for Holding (Minor) at 5:19
2nd period
No Goal
Penalties :
Zach Bogosian (DET) for Roughing (Minor) at 3:25, Keegan Kolesar (DET) for Roughing (Minor) at 12:28
3rd period
No Goal
Penalties :
No Penalty
Overtime #1
No Goal
Penalties :
No Penalty
Shootout
Detroit Red Wings, Mika Zibanejad - Stopped by John Gibson
Quebec Nordiques, Zach Benson - Stopped by Calvin Pickard
Detroit Red Wings, Steven Stamkos - Shot Misses the Net
Quebec Nordiques, Kirby Dach - Stopped by Calvin Pickard
Detroit Red Wings, Matthew Boldy - Stopped by John Gibson
Quebec Nordiques, Anthony Duclair - Stopped by Calvin Pickard
Detroit Red Wings, Carter Verhaeghe - Shot Misses the Net
Quebec Nordiques, Shane Pinto - Stopped by Calvin Pickard
Detroit Red Wings, Jared McCann - Stopped by John Gibson
Quebec Nordiques, Andreas Athanasiou - Shot Misses the Net
Detroit Red Wings, Zach Bogosian - Stopped by John Gibson
Quebec Nordiques, Rem Pitlick - Stopped by Calvin Pickard
Detroit Red Wings, Patrick Kane - Goal!
Quebec Nordiques, Kevin Rooney - Goal!
Detroit Red Wings, Kevin Shattenkirk - Stopped by John Gibson
Quebec Nordiques, J.J. Moser - Stopped by Calvin Pickard
Detroit Red Wings, Raphael Lavoie - Goal!
Quebec Nordiques, Michael Anderson - Stopped by Calvin Pickard
Penalties :
No Penalty
Goalie Stats
Calvin Pickard (DET), 24 saves from 25 shots - (0.960), W, 22-10-5, 65:00 minutes
John Gibson (QUE), 36 saves from 37 shots - (0.973), OTL, 13-21-6, 65:00 minutes
Players Stats for Detroit Red Wings
Player Name G A P +/- PIM S H SB GA TA FO MP PP MP PK MP
------------------------------------------------------------------------------------
Brendan Gallagher 0 0 0 0 0 2 1 0 0 2 0/0 9:35 0:00 0:00
Carter Verhaeghe 0 1 1 0 0 1 4 0 0 0 1/2 19:00 0:42 0:00
Christian Fischer 0 0 0 0 0 2 1 0 0 0 1/1 12:53 0:00 0:00
Daniel Sprong 0 0 0 0 0 5 3 0 0 0 0/0 12:16 0:00 0:12
Jackson LaCombe 0 0 0 -1 0 1 4 2 0 1 0/0 20:02 0:00 2:51
Jared McCann 0 0 0 -1 0 0 1 0 0 0 0/1 18:53 0:19 2:49
Keegan Kolesar 0 0 0 0 2 0 3 0 0 0 0/1 11:06 0:00 1:52
Kevin Shattenkirk 0 0 0 -1 0 0 0 1 0 0 0/0 14:04 0:23 1:19
Kevin Stenlund 0 0 0 0 0 1 0 0 0 1 6/7 12:43 0:00 3:08
MacKenzie Weegar 0 0 0 0 0 0 6 0 0 3 0/0 29:16 0:38 2:51
Matthew Boldy 1 0 1 0 0 5 2 0 0 0 0/0 18:04 0:42 0:00
Mika Zibanejad 0 1 1 0 0 2 1 1 1 0 18/25 21:59 0:42 2:49
Patrick Kane 0 0 0 -1 0 4 1 0 1 0 1/3 15:58 0:19 0:00
Raphael Lavoie 0 0 0 0 2 3 2 1 0 0 0/2 12:57 0:00 0:00
Shayne Gostisbehere 0 0 0 0 0 3 0 0 0 0 0/0 18:14 0:38 0:00
Steven Stamkos 0 0 0 -1 0 4 2 0 1 1 8/18 18:31 0:19 1:04
Zach Bogosian 0 0 0 0 2 1 2 1 0 1 0/0 21:45 0:00 1:47
Zachary Werenski 0 0 0 0 0 3 0 2 0 0 0/0 26:44 0:23 3:06
Players Stats for Quebec Nordiques
Player Name G A P +/- PIM S H SB GA TA FO MP PP MP PK MP
------------------------------------------------------------------------------------
Alec Martinez 0 0 0 0 0 0 2 2 0 1 0/0 21:50 2:31 0:32
Andreas Athanasiou 0 0 0 1 0 3 0 0 1 0 0/0 12:51 0:00 0:00
Anthony Duclair 0 0 0 0 0 1 4 1 1 1 0/5 19:55 2:17 0:00
Cole Perfetti 0 0 0 0 0 4 1 0 1 0 0/1 19:17 2:17 0:00
J.J. Moser 0 0 0 0 0 1 4 0 0 1 0/0 25:34 3:26 0:29
Jonas Siegenthaler 0 0 0 0 0 0 2 2 0 0 0/0 24:55 2:31 0:29
Jordan Greenway 1 0 1 1 0 5 1 0 1 0 2/3 14:21 0:16 0:45
Justin Holl 0 0 0 1 0 0 3 0 0 0 0/0 17:36 0:00 0:00
Kevin Rooney 0 0 0 0 0 0 0 0 0 0 0/0 10:08 0:00 0:16
Kirby Dach 0 0 0 0 0 2 1 2 2 0 0/2 18:52 3:37 0:00
Marc Staal 0 0 0 1 0 0 0 2 0 0 0/0 17:36 0:00 0:00
Marco Rossi 0 0 0 0 0 2 3 0 0 0 11/19 20:40 3:37 0:00
Michael Anderson 0 0 0 0 0 0 0 2 0 0 0/0 22:29 3:26 0:32
Michael McCarron 0 1 1 1 0 0 1 1 0 0 4/11 13:21 0:03 0:16
Rem Pitlick 0 0 0 0 0 1 1 0 0 0 0/0 9:52 0:00 0:00
Ryan Poehling 0 0 0 0 0 3 1 2 0 0 0/2 10:48 0:00 0:45
Shane Pinto 0 0 0 0 0 2 2 1 3 0 7/15 20:13 2:20 0:00
Zach Benson 0 0 0 0 0 1 1 2 0 0 1/2 18:41 3:24 0:00
3 Stars
1 - John Gibson (QUE)
2 - Calvin Pickard (DET)
3 - Matthew Boldy (DET)
Power Play
Detroit Red Wings - 1 on 1 Attempt(s) - 100.00%
Quebec Nordiques - 0 on 3 Attempt(s) - 0.00%
Penalty Kill
Detroit Red Wings - 3 on 3 Attempt(s) - 100.00%
- Score 0 goal in Penalty Kill
Quebec Nordiques - 0 on 1 Attempt(s) - 0.00%
- Score 0 goal in Penalty Kill
Team Stat
Detroit Red Wings - Hits : 33 - Faceoff Wins : 35 - Blocked Shots : 8 - Penalty Minutes : 6
Quebec Nordiques - Hits : 27 - Faceoff Wins : 25 - Blocked Shots : 17 - Penalty Minutes : 2
Official
Referees : Jake Brenk and Beaudry Halkidis
Linesman : Kyle Flemington and Kilian McNamara
Game Notes
No Game Note
Finance
Level 1 -- Attendance: 4992 (83.20%) -- Ticket Income $499,200
Level 2 -- Attendance: 3629 (72.58%) -- Ticket Income $217,740
Level 3 -- Attendance: 2125 (70.83%) -- Ticket Income $74,375
Level 4 -- Attendance: 3563 (71.26%) -- Ticket Income $89,075
Luxury Box -- Attendance: 780 (78.00%) -- Ticket Income $156,000
Game was played at the Centre Videotron.
Total Attendance: 15089 (75.45%)
Total Ticket Income: $1,036,390
Other Income: $362,736
Total Income: $1,399,126
Detroit Red Wings
5 vs 5 Forward
Center Left Wing Right Wing Time % Phy DF OF
1 Steven Stamkos Jared McCann Patrick Kane 35 1 2 2
2 Mika Zibanejad Carter Verhaeghe Matthew Boldy 35 1 2 2
3 Raphael Lavoie Daniel Sprong Christian Fischer 20 1 2 2
4 Kevin Stenlund Brendan Gallagher Keegan Kolesar 10 2 2 1
5 vs 5 Defense
Defense Defense Time % Phy DF OF
1 Zachary Werenski MacKenzie Weegar 40 1 2 2
2 Zach Bogosian Shayne Gostisbehere 30 1 2 2
3 Jackson LaCombe Kevin Shattenkirk 20 3 1 1
4 Jackson LaCombe MacKenzie Weegar 10 1 2 2
PowerPlay Forward
Center Left Wing Right Wing Time % Phy DF OF
1 Steven Stamkos Jared McCann Patrick Kane 50 0 1 4
2 Mika Zibanejad Carter Verhaeghe Matthew Boldy 50 0 1 4
PowerPlay Defense
Defense Defense Time % Phy DF OF
1 Shayne Gostisbehere MacKenzie Weegar 50 1 2 2
2 Zachary Werenski Kevin Shattenkirk 50 1 2 2
Penalty Kill 4 Players Forward
Center Wing Time % Phy DF OF
1 Mika Zibanejad Jared McCann 50 2 2 1
2 Kevin Stenlund Keegan Kolesar 50 2 2 1
Penalty Kill 4 Players Defense
Defense Defense Time % Phy DF OF
1 Jackson LaCombe MacKenzie Weegar 50 2 2 1
2 Zach Bogosian Zachary Werenski 50 2 2 1
Penalty Kill - 3 Players Forward
Forward Time % Phy DF OF
1 Mika Zibanejad 50 1 2 2
2 Steven Stamkos 50 1 2 2
Penalty Kill - 3 Players Defense
Defense Defense Time % Phy DF OF
1 Jackson LaCombe MacKenzie Weegar 50 1 2 2
2 Zach Bogosian Zachary Werenski 50 2 2 1
4 vs 4 Forward
Center Wing Time % Phy DF OF
1 Mika Zibanejad Carter Verhaeghe 60 1 2 2
2 Steven Stamkos Matthew Boldy 40 1 1 3
4 vs 4 Defense
Defense Defense Time % Phy DF OF
1 Zachary Werenski MacKenzie Weegar 60 1 2 2
2 Zach Bogosian Jackson LaCombe 40 1 2 2
Last Minutes Offensive
Center Left Wing Right Wing Defense Defense
Mika Zibanejad Carter Verhaeghe Matthew Boldy Zachary Werenski MacKenzie Weegar
Last Minutes Defensive
Center Left Wing Right Wing Defense Defense
Mika Zibanejad Carter Verhaeghe Matthew Boldy Zachary Werenski MacKenzie Weegar
Goaltenders
Starting : Calvin Pickard
Backup : Laurent Brossoit
Extra Forwards
Normal : Raphael Lavoie, Christian Fischer, Daniel Sprong - PP : Kevin Stenlund, Daniel Sprong - PK : Steven Stamkos
Extra Defensemen
Normal : Kevin Shattenkirk, Jackson LaCombe, MacKenzie Weegar - PP : Kevin Shattenkirk - PK : Kevin Shattenkirk, Jackson LaCombe
Penalty Shots
Mika Zibanejad, Steven Stamkos, Matthew Boldy, Carter Verhaeghe, Jared McCann
Scratches
Alexander Barabanov (Healthy), Philippe Myers (Healthy), Vitek Vanecek (Healthy)
Quebec Nordiques
5 vs 5 Forward
Center Left Wing Right Wing Time % Phy DF OF
1 Shane Pinto Zach Benson Anthony Duclair 30 1 1 3
2 Marco Rossi Cole Perfetti Kirby Dach 30 1 1 3
3 Michael McCarron Andreas Athanasiou Jordan Greenway 25 1 1 3
4 Ryan Poehling Kevin Rooney Rem Pitlick 15 1 3 1
5 vs 5 Defense
Defense Defense Time % Phy DF OF
1 J.J. Moser Michael Anderson 30 1 3 1
2 Jonas Siegenthaler Alec Martinez 30 1 3 1
3 Marc Staal Justin Holl 30 1 3 1
4 J.J. Moser Jonas Siegenthaler 10 1 3 1
PowerPlay Forward
Center Left Wing Right Wing Time % Phy DF OF
1 Shane Pinto Cole Perfetti Anthony Duclair 50 1 0 4
2 Marco Rossi Zach Benson Kirby Dach 50 1 0 4
PowerPlay Defense
Defense Defense Time % Phy DF OF
1 J.J. Moser Michael Anderson 50 1 3 1
2 Jonas Siegenthaler Alec Martinez 50 1 3 1
Penalty Kill 4 Players Forward
Center Wing Time % Phy DF OF
1 Ryan Poehling Jordan Greenway 50 1 2 2
2 Michael McCarron Kevin Rooney 50 1 2 2
Penalty Kill 4 Players Defense
Defense Defense Time % Phy DF OF
1 J.J. Moser Jonas Siegenthaler 50 1 2 2
2 Michael Anderson Alec Martinez 50 1 2 2
Penalty Kill - 3 Players Forward
Forward Time % Phy DF OF
1 Shane Pinto 50 1 2 2
2 Marco Rossi 50 1 2 2
Penalty Kill - 3 Players Defense
Defense Defense Time % Phy DF OF
1 J.J. Moser Jonas Siegenthaler 50 1 2 2
2 Alec Martinez Michael Anderson 50 1 2 2
4 vs 4 Forward
Center Wing Time % Phy DF OF
1 Shane Pinto Anthony Duclair 50 1 2 2
2 Marco Rossi Cole Perfetti 50 1 2 2
4 vs 4 Defense
Defense Defense Time % Phy DF OF
1 J.J. Moser Jonas Siegenthaler 50 1 2 2
2 Alec Martinez Michael Anderson 50 1 2 2
Last Minutes Offensive
Center Left Wing Right Wing Defense Defense
Shane Pinto Cole Perfetti Anthony Duclair J.J. Moser Jonas Siegenthaler
Last Minutes Defensive
Center Left Wing Right Wing Defense Defense
Michael McCarron Ryan Poehling Jordan Greenway J.J. Moser Jonas Siegenthaler
Goaltenders
Starting : John Gibson
Backup : Lukas Dostal
Extra Forwards
Normal : Jordan Greenway, Michael McCarron, Andreas Athanasiou - PP : Jordan Greenway, Zach Benson - PK : Zach Benson
Extra Defensemen
Normal : J.J. Moser, Michael Anderson, Jonas Siegenthaler - PP : Alec Martinez - PK : J.J. Moser, Jonas Siegenthaler
Penalty Shots
Zach Benson, Kirby Dach, Anthony Duclair, Shane Pinto, Andreas Athanasiou
Scratches
Jakub Voracek (Healthy), Alexander Alexeyev (Healthy), Connor Brown (Healthy), Dysin Mayo (Healthy), Keith Kinkaid (Healthy)
% Time on Ice - Detroit Red Wings
Lines # - Real PCT - Wanted PCT - Time Play
Normal Forward
1 - 31% - 35% - 16:24
2 - 30% - 35% - 16:01
3 - 22% - 20% - 11:53
4 - 16% - 10% - 8:44
Normal Defense
1 - 38% - 40% - 20:02
2 - 34% - 30% - 18:10
3 - 22% - 20% - 11:48
4 - 6% - 10% - 3:02
PP Forward
1 - 31% - 50% - 0:19
2 - 69% - 50% - 0:42
PP Defense
1 - 62% - 50% - 0:38
2 - 38% - 50% - 0:23
PK Forward
1 - 47% - 50% - 2:49
2 - 53% - 50% - 3:08
PK Defense
1 - 48% - 50% - 2:51
2 - 52% - 50% - 3:06
PK3 Forward
1 - 0% - 50%
2 - 0% - 50%
PK3 Defense
1 - 0% - 50%
2 - 0% - 50%
44 Forward
1 - 71% - 60% - 3:33
2 - 29% - 40% - 1:27
44 Defense
1 - 54% - 60% - 2:43
2 - 46% - 40% - 2:17
Last Minute Offensive - 0:00
Last Minute Defensive - 0:00
Total
Forward - 65:00
Defense - 65:00
|
% Time on Ice - Quebec Nordiques
Lines # - Real PCT - Wanted PCT - Time Play
Normal Forward
1 - 30% - 30% - 15:49
2 - 28% - 30% - 15:04
3 - 23% - 25% - 12:17
4 - 19% - 15% - 9:52
Normal Defense
1 - 29% - 30% - 15:12
2 - 30% - 30% - 15:42
3 - 33% - 30% - 17:36
4 - 9% - 10% - 4:32
PP Forward
1 - 39% - 50% - 2:20
2 - 61% - 50% - 3:37
PP Defense
1 - 58% - 50% - 3:26
2 - 42% - 50% - 2:31
PK Forward
1 - 74% - 50% - 0:45
2 - 26% - 50% - 0:16
PK Defense
1 - 48% - 50% - 0:29
2 - 52% - 50% - 0:32
PK3 Forward
1 - 0% - 50%
2 - 0% - 50%
PK3 Defense
1 - 0% - 50%
2 - 0% - 50%
44 Forward
1 - 54% - 50% - 2:43
2 - 46% - 50% - 2:17
44 Defense
1 - 49% - 50% - 2:28
2 - 51% - 50% - 2:32
Last Minute Offensive - 0:00
Last Minute Defensive - 0:00
Total
Forward - 65:00
Defense - 65:00
|
Play-by-Play
1st period
0:01 of 1st period - Steven Stamkos wins face-off versus Shane Pinto in neutral zone.
0:04 of 1st period - Wrist shot by Jared McCann.
0:04 of 1st period - Shot Misses the Net.
0:06 of 1st period - Wrist shot by Steven Stamkos.
0:06 of 1st period - Shot Misses the Net.
0:08 of 1st period - Slapshot by Zachary Werenski.
0:08 of 1st period - Shot Blocked by Zach Benson.
0:10 of 1st period - Snap shot by Patrick Kane.
0:10 of 1st period - Stopped by John Gibson with a rebound.
0:12 of 1st period - Slapshot by MacKenzie Weegar.
0:12 of 1st period - Deflect By Steven Stamkos.
0:12 of 1st period - Shot Misses the Net.
0:12 of 1st period - Puck is out of play.
0:13 of 1st period - Mika Zibanejad wins face-off versus Marco Rossi in Quebec Nordiques zone.
0:16 of 1st period - Slapshot by Carter Verhaeghe.
0:16 of 1st period - Shot Blocked by Alec Martinez.
0:24 of 1st period - Slapshot by Marco Rossi.
0:24 of 1st period - Shot Misses the Net.
0:26 of 1st period - Snap shot by Jonas Siegenthaler.
0:26 of 1st period - Shot Blocked by Zach Bogosian.
0:38 of 1st period - Andreas Athanasiou is hit by Zach Bogosian and loses puck.
1:05 of 1st period - Jackson LaCombe is hit by Rem Pitlick and loses puck.
1:26 of 1st period - Wrist shot by Steven Stamkos.
1:26 of 1st period - Shot Blocked by Zach Benson.
1:28 of 1st period - Wrist shot by Jackson LaCombe.
1:28 of 1st period - Shot Misses the Net.
1:30 of 1st period - Snap shot by Keegan Kolesar.
1:30 of 1st period - Shot Misses the Net.
2:04 of 1st period - Jordan Greenway is hit by Daniel Sprong and loses puck.
2:11 of 1st period - Snap shot by Daniel Sprong.
2:11 of 1st period - Stopped by John Gibson with a rebound.
2:23 of 1st period - Slapshot by Steven Stamkos.
2:23 of 1st period - Shot Misses the Net.
2:25 of 1st period - Wrist shot by Jared McCann.
2:25 of 1st period - Shot Misses the Net.
2:50 of 1st period - Snap shot by Anthony Duclair.
2:50 of 1st period - Shot Blocked by Zachary Werenski.
3:29 of 1st period - Wrist shot by Daniel Sprong.
3:29 of 1st period - Shot Blocked by Marc Staal.
3:31 of 1st period - Wrist shot by Daniel Sprong.
3:31 of 1st period - Stopped by John Gibson without a rebound.
3:31 of 1st period - Minor Penalty to John Gibson for Slashing.
3:32 of 1st period - Patrick Kane wins face-off versus Ryan Poehling in Quebec Nordiques zone.
4:00 of 1st period - Off-side.
4:01 of 1st period - Mika Zibanejad wins face-off versus Michael McCarron in neutral zone.
4:32 of 1st period - Slapshot by Matthew Boldy.
4:32 of 1st period - Goal by Matthew Boldy - Detroit Red Wings : 1 - Quebec Nordiques : 0.
4:33 of 1st period - Steven Stamkos wins face-off versus Shane Pinto in neutral zone.
5:19 of 1st period - Minor Penalty to Raphael Lavoie for Holding.
5:20 of 1st period - Mika Zibanejad wins face-off versus Marco Rossi in Detroit Red Wings zone.
6:38 of 1st period - Icing by J.J. Moser.
6:39 of 1st period - Mika Zibanejad wins face-off versus Zach Benson in Quebec Nordiques zone.
6:56 of 1st period - Michael Anderson is hit by Jackson LaCombe and loses puck.
7:15 of 1st period - Jonas Siegenthaler is hit by Keegan Kolesar and loses puck.
7:19 of 1st period - Penalty to Raphael Lavoie is over, Raphael Lavoie is back on ice.
7:30 of 1st period - Jonas Siegenthaler is hit by Raphael Lavoie.
7:48 of 1st period - Jonas Siegenthaler is hit by Patrick Kane and loses puck.
8:14 of 1st period - Backhand shot by Jordan Greenway.
8:14 of 1st period - Shot Misses the Net.
9:17 of 1st period - Slapshot by Anthony Duclair.
9:17 of 1st period - Deflect By Shane Pinto.
9:17 of 1st period - Shot Hit the Post.
9:17 of 1st period - Puck is out of play.
9:18 of 1st period - Mika Zibanejad wins face-off versus Kirby Dach in Detroit Red Wings zone.
9:27 of 1st period - Slapshot by Mika Zibanejad.
9:27 of 1st period - Shot Misses the Net.
9:45 of 1st period - Keegan Kolesar is hit by Justin Holl.
9:53 of 1st period - Slapshot by Zachary Werenski.
9:53 of 1st period - Stopped by John Gibson without a rebound.
9:54 of 1st period - Shane Pinto wins face-off versus Mika Zibanejad in Quebec Nordiques zone.
10:19 of 1st period - Zachary Werenski is hit by J.J. Moser and loses puck.
10:26 of 1st period - Wrist shot by Cole Perfetti.
10:26 of 1st period - Stopped by Calvin Pickard without a rebound.
10:27 of 1st period - Mika Zibanejad wins face-off versus Marco Rossi in Detroit Red Wings zone.
10:34 of 1st period - Icing by Justin Holl.
10:35 of 1st period - Marco Rossi wins face-off versus Carter Verhaeghe in Quebec Nordiques zone.
11:02 of 1st period - Snap shot by Rem Pitlick.
11:02 of 1st period - Deflect By Ryan Poehling.
11:02 of 1st period - Shot Misses the Net.
11:02 of 1st period - Puck is out of play.
11:03 of 1st period - Steven Stamkos wins face-off versus Ryan Poehling in Detroit Red Wings zone.
11:16 of 1st period - Slapshot by Rem Pitlick.
11:16 of 1st period - Shot Misses the Net.
11:34 of 1st period - Snap shot by Cole Perfetti.
11:34 of 1st period - Shot Misses the Net.
11:52 of 1st period - Wrist shot by Shane Pinto.
11:52 of 1st period - Shot Misses the Net.
11:54 of 1st period - Snap shot by Zach Benson.
11:54 of 1st period - Shot Blocked by Mika Zibanejad.
12:23 of 1st period - Slapshot by Zachary Werenski.
12:23 of 1st period - Stopped by John Gibson with a rebound.
13:00 of 1st period - Off-side.
13:01 of 1st period - Shane Pinto wins face-off versus Steven Stamkos in neutral zone.
13:08 of 1st period - Backhand shot by Jared McCann.
13:08 of 1st period - Shot Misses the Net.
13:10 of 1st period - Wrist shot by Steven Stamkos.
13:10 of 1st period - Shot Hit the Post.
13:28 of 1st period - Kirby Dach is hit by Mika Zibanejad and loses puck.
13:39 of 1st period - Matthew Boldy is hit by J.J. Moser and loses puck.
13:47 of 1st period - Icing by Carter Verhaeghe.
13:48 of 1st period - Mika Zibanejad wins face-off versus Michael McCarron in Detroit Red Wings zone.
14:36 of 1st period - Icing by Michael McCarron.
14:37 of 1st period - Marco Rossi wins face-off versus Mika Zibanejad in Quebec Nordiques zone.
14:44 of 1st period - Snap shot by Cole Perfetti.
14:44 of 1st period - Stopped by Calvin Pickard without a rebound.
14:45 of 1st period - Marco Rossi wins face-off versus Steven Stamkos in Detroit Red Wings zone.
15:20 of 1st period - Wrist shot by Mika Zibanejad.
15:20 of 1st period - Shot Misses the Net.
15:22 of 1st period - Slapshot by Zach Bogosian.
15:22 of 1st period - Shot Blocked by Anthony Duclair.
15:34 of 1st period - Snap shot by MacKenzie Weegar.
15:34 of 1st period - Shot Blocked by Michael Anderson.
15:40 of 1st period - Snap shot by Zachary Werenski.
15:40 of 1st period - Stopped by John Gibson without a rebound.
15:41 of 1st period - Marco Rossi wins face-off versus Patrick Kane in Quebec Nordiques zone.
15:46 of 1st period - Wrist shot by Steven Stamkos.
15:46 of 1st period - Stopped by John Gibson with a rebound.
16:16 of 1st period - Jonas Siegenthaler is hit by MacKenzie Weegar and loses puck.
16:31 of 1st period - Off-side.
16:32 of 1st period - Michael McCarron wins face-off versus Steven Stamkos in neutral zone.
16:39 of 1st period - Wrist shot by Jordan Greenway.
16:39 of 1st period - Goal by Jordan Greenway - Detroit Red Wings : 1 - Quebec Nordiques : 1.
16:40 of 1st period - Marco Rossi wins face-off versus Jared McCann in neutral zone.
16:53 of 1st period - Snap shot by Steven Stamkos.
16:53 of 1st period - Shot Misses the Net.
16:55 of 1st period - Wrist shot by Patrick Kane.
16:55 of 1st period - Shot Blocked by Kirby Dach.
17:05 of 1st period - Jonas Siegenthaler is hit by MacKenzie Weegar and loses puck.
17:10 of 1st period - Wrist shot by Mika Zibanejad.
17:10 of 1st period - Shot Blocked by Jonas Siegenthaler.
17:12 of 1st period - Snap shot by Mika Zibanejad.
17:12 of 1st period - Shot Blocked by Jonas Siegenthaler.
17:56 of 1st period - Wrist shot by Marco Rossi.
17:56 of 1st period - Stopped by Calvin Pickard with a rebound.
18:10 of 1st period - Wrist shot by Ryan Poehling.
18:10 of 1st period - Stopped by Calvin Pickard with a rebound.
18:14 of 1st period - Wrist shot by Ryan Poehling.
18:14 of 1st period - Shot Blocked by Jackson LaCombe.
18:16 of 1st period - Wrist shot by Kevin Rooney.
18:16 of 1st period - Shot Blocked by Jackson LaCombe.
19:21 of 1st period - Mika Zibanejad is hit by Kirby Dach and loses puck.
Goals for this period are 1 for Detroit Red Wings vs 1 for Quebec Nordiques.
Shots for this period are 8 for Detroit Red Wings vs 5 for Quebec Nordiques.
2nd period
0:01 of 2nd period - Mika Zibanejad wins face-off versus Cole Perfetti in neutral zone.
0:26 of 2nd period - Shane Pinto is hit by Steven Stamkos and loses puck.
0:39 of 2nd period - Snap shot by Patrick Kane.
0:39 of 2nd period - Stopped by John Gibson with a rebound.
0:44 of 2nd period - Icing by Shane Pinto.
0:45 of 2nd period - Carter Verhaeghe wins face-off versus Anthony Duclair in Quebec Nordiques zone.
0:54 of 2nd period - Snap shot by Matthew Boldy.
0:54 of 2nd period - Stopped by John Gibson with a rebound.
0:56 of 2nd period - Wrist shot by Matthew Boldy.
0:56 of 2nd period - Shot Misses the Net.
1:00 of 2nd period - Wrist shot by Matthew Boldy.
1:00 of 2nd period - Shot Misses the Net.
1:02 of 2nd period - Backhand shot by Matthew Boldy.
1:02 of 2nd period - Stopped by John Gibson with a rebound.
1:22 of 2nd period - Snap shot by Kirby Dach.
1:22 of 2nd period - Stopped by Calvin Pickard with a rebound.
1:32 of 2nd period - Wrist shot by Daniel Sprong.
1:32 of 2nd period - Shot Misses the Net.
1:34 of 2nd period - Backhand shot by Christian Fischer.
1:34 of 2nd period - Shot Misses the Net.
1:36 of 2nd period - Wrist shot by Raphael Lavoie.
1:36 of 2nd period - Stopped by John Gibson with a rebound.
1:38 of 2nd period - Wrist shot by Christian Fischer.
1:38 of 2nd period - Shot Misses the Net.
1:40 of 2nd period - Wrist shot by Raphael Lavoie.
1:40 of 2nd period - Stopped by John Gibson without a rebound.
1:41 of 2nd period - Mika Zibanejad wins face-off versus Marco Rossi in Quebec Nordiques zone.
2:34 of 2nd period - MacKenzie Weegar is hit by Ryan Poehling and loses puck.
2:55 of 2nd period - Backhand shot by Cole Perfetti.
2:55 of 2nd period - Stopped by Calvin Pickard with a rebound.
2:57 of 2nd period - Snap shot by Marco Rossi.
2:57 of 2nd period - Shot Misses the Net.
2:59 of 2nd period - Wrist shot by Marco Rossi.
2:59 of 2nd period - Deflect By Cole Perfetti.
2:59 of 2nd period - Shot Misses the Net.
2:59 of 2nd period - Puck is out of play.
3:00 of 2nd period - Marco Rossi wins face-off versus Keegan Kolesar in Detroit Red Wings zone.
3:23 of 2nd period - Snap shot by Marco Rossi.
3:23 of 2nd period - Stopped by Calvin Pickard with a rebound.
3:25 of 2nd period - Minor Penalty to Zach Bogosian for Roughing.
3:26 of 2nd period - Mika Zibanejad wins face-off versus Kirby Dach in Detroit Red Wings zone.
3:32 of 2nd period - Icing by Kirby Dach.
3:33 of 2nd period - Kevin Stenlund wins face-off versus Marco Rossi in Quebec Nordiques zone.
4:26 of 2nd period - Snap shot by Shane Pinto.
4:26 of 2nd period - Stopped by Calvin Pickard with a rebound.
4:41 of 2nd period - MacKenzie Weegar is hit by Cole Perfetti and loses puck.
5:25 of 2nd period - Penalty to Zach Bogosian is over, Zach Bogosian is back on ice.
5:25 of 2nd period - Zachary Werenski is hit by Jordan Greenway and loses puck.
5:44 of 2nd period - Wrist shot by Ryan Poehling.
5:44 of 2nd period - Stopped by Calvin Pickard with a rebound.
5:58 of 2nd period - Wrist shot by Andreas Athanasiou.
5:58 of 2nd period - Stopped by Calvin Pickard without a rebound.
5:59 of 2nd period - Kevin Stenlund wins face-off versus Michael McCarron in Detroit Red Wings zone.
6:24 of 2nd period - Carter Verhaeghe is hit by J.J. Moser and loses puck.
6:35 of 2nd period - Ryan Poehling is hit by Carter Verhaeghe and loses puck.
7:00 of 2nd period - Snap shot by Rem Pitlick.
7:00 of 2nd period - Shot Misses the Net.
7:02 of 2nd period - Wrist shot by Ryan Poehling.
7:02 of 2nd period - Stopped by Calvin Pickard with a rebound.
7:04 of 2nd period - Slapshot by Rem Pitlick.
7:04 of 2nd period - Deflect By Kevin Rooney.
7:04 of 2nd period - Shot Misses the Net.
7:04 of 2nd period - Puck is out of play.
7:05 of 2nd period - Marco Rossi wins face-off versus Raphael Lavoie in Detroit Red Wings zone.
7:18 of 2nd period - Wrist shot by Christian Fischer.
7:18 of 2nd period - Shot Blocked by Marc Staal.
7:40 of 2nd period - Snap shot by Brendan Gallagher.
7:40 of 2nd period - Stopped by John Gibson without a rebound.
7:41 of 2nd period - Mika Zibanejad wins face-off versus Shane Pinto in Quebec Nordiques zone.
7:42 of 2nd period - Wrist shot by Carter Verhaeghe.
7:42 of 2nd period - Deflect By Mika Zibanejad.
7:42 of 2nd period - Shot Blocked by Alec Martinez.
7:42 of 2nd period - Puck is out of play.
7:43 of 2nd period - Mika Zibanejad wins face-off versus Shane Pinto in Quebec Nordiques zone.
8:17 of 2nd period - Off-side.
8:18 of 2nd period - Steven Stamkos wins face-off versus Shane Pinto in neutral zone.
8:23 of 2nd period - Slapshot by Steven Stamkos.
8:23 of 2nd period - Stopped by John Gibson with a rebound.
8:43 of 2nd period - Kirby Dach is hit by Carter Verhaeghe and loses puck.
9:26 of 2nd period - Wrist shot by Mika Zibanejad.
9:26 of 2nd period - Stopped by John Gibson without a rebound.
9:27 of 2nd period - Michael McCarron wins face-off versus Steven Stamkos in Quebec Nordiques zone.
9:34 of 2nd period - Slapshot by Andreas Athanasiou.
9:34 of 2nd period - Stopped by Calvin Pickard without a rebound.
9:35 of 2nd period - Steven Stamkos wins face-off versus Shane Pinto in Detroit Red Wings zone.
9:54 of 2nd period - Shayne Gostisbehere is hit by Shane Pinto and loses puck.
10:15 of 2nd period - Snap shot by Daniel Sprong.
10:15 of 2nd period - Shot Misses the Net.
10:17 of 2nd period - Slapshot by Daniel Sprong.
10:17 of 2nd period - Stopped by John Gibson with a rebound.
10:29 of 2nd period - Snap shot by Brendan Gallagher.
10:29 of 2nd period - Shot Misses the Net.
10:31 of 2nd period - Snap shot by Kevin Stenlund.
10:31 of 2nd period - Shot Blocked by Kirby Dach.
11:54 of 2nd period - Snap shot by Matthew Boldy.
11:54 of 2nd period - Stopped by John Gibson with a rebound.
11:56 of 2nd period - Slapshot by Shayne Gostisbehere.
11:56 of 2nd period - Shot Hit the Post.
12:06 of 2nd period - Snap shot by Jordan Greenway.
12:06 of 2nd period - Stopped by Calvin Pickard without a rebound.
12:07 of 2nd period - Kevin Stenlund wins face-off versus Michael McCarron in Detroit Red Wings zone.
12:20 of 2nd period - Wrist shot by Jordan Greenway.
12:20 of 2nd period - Shot Hit the Post.
12:22 of 2nd period - Snap shot by Jordan Greenway.
12:22 of 2nd period - Shot Misses the Net.
12:28 of 2nd period - Minor Penalty to Keegan Kolesar for Roughing.
12:29 of 2nd period - Kevin Stenlund wins face-off versus Anthony Duclair in Detroit Red Wings zone.
13:08 of 2nd period - Icing by Zach Benson.
13:09 of 2nd period - Kevin Stenlund wins face-off versus Marco Rossi in Quebec Nordiques zone.
13:10 of 2nd period - Snap shot by Steven Stamkos.
13:10 of 2nd period - Deflect By Kevin Stenlund.
13:10 of 2nd period - Shot Misses the Net.
13:10 of 2nd period - Puck is out of play.
13:11 of 2nd period - Kevin Stenlund wins face-off versus Shane Pinto in Quebec Nordiques zone.
13:36 of 2nd period - Steven Stamkos is hit by Marco Rossi and loses puck.
14:27 of 2nd period - Snap shot by Zach Benson.
14:27 of 2nd period - Stopped by Calvin Pickard without a rebound.
14:28 of 2nd period - Penalty to Keegan Kolesar is over, Keegan Kolesar is back on ice.
14:28 of 2nd period - Mika Zibanejad wins face-off versus Michael McCarron in Detroit Red Wings zone.
14:35 of 2nd period - Snap shot by Jordan Greenway.
14:35 of 2nd period - Deflect By Michael McCarron.
14:35 of 2nd period - Shot Misses the Net.
14:35 of 2nd period - Puck is out of play.
14:36 of 2nd period - Mika Zibanejad wins face-off versus Michael McCarron in Detroit Red Wings zone.
14:49 of 2nd period - Wrist shot by Michael McCarron.
14:49 of 2nd period - Shot Blocked by Zachary Werenski.
14:51 of 2nd period - Slapshot by Jonas Siegenthaler.
14:51 of 2nd period - Shot Misses the Net.
15:01 of 2nd period - Jonas Siegenthaler is hit by Jared McCann and loses puck.
15:28 of 2nd period - Snap shot by Brendan Gallagher.
15:28 of 2nd period - Shot Misses the Net.
16:22 of 2nd period - Icing by Rem Pitlick.
16:23 of 2nd period - Shane Pinto wins face-off versus Mika Zibanejad in Quebec Nordiques zone.
16:30 of 2nd period - Carter Verhaeghe is hit by Anthony Duclair and loses puck.
16:39 of 2nd period - Jonas Siegenthaler is hit by Carter Verhaeghe and loses puck.
16:50 of 2nd period - Zachary Werenski is hit by Jonas Siegenthaler and loses puck.
17:11 of 2nd period - Andreas Athanasiou is hit by Brendan Gallagher and loses puck.
17:16 of 2nd period - Slapshot by Shayne Gostisbehere.
17:16 of 2nd period - Deflect By Kevin Stenlund.
17:16 of 2nd period - Stopped by John Gibson without a rebound.
17:17 of 2nd period - Steven Stamkos wins face-off versus Jordan Greenway in Quebec Nordiques zone.
17:42 of 2nd period - Anthony Duclair is hit by Matthew Boldy.
17:50 of 2nd period - Slapshot by Shane Pinto.
17:50 of 2nd period - Stopped by Calvin Pickard with a rebound.
18:27 of 2nd period - Jared McCann is hit by Justin Holl and loses puck.
18:46 of 2nd period - Wrist shot by Matthew Boldy.
18:46 of 2nd period - Stopped by John Gibson with a rebound.
18:58 of 2nd period - Mika Zibanejad is hit by Anthony Duclair and loses puck.
19:13 of 2nd period - Wrist shot by Zach Benson.
19:13 of 2nd period - Deflect By Marco Rossi.
19:13 of 2nd period - Shot Misses the Net.
19:13 of 2nd period - Puck is out of play.
19:14 of 2nd period - Marco Rossi wins face-off versus Raphael Lavoie in Detroit Red Wings zone.
19:17 of 2nd period - Slapshot by Kirby Dach.
19:17 of 2nd period - Stopped by Calvin Pickard with a rebound.
19:23 of 2nd period - Slapshot by Shayne Gostisbehere.
19:23 of 2nd period - Shot Misses the Net.
19:25 of 2nd period - Wrist shot by Christian Fischer.
19:25 of 2nd period - Shot Misses the Net.
19:27 of 2nd period - Snap shot by Shayne Gostisbehere.
19:27 of 2nd period - Deflect By Marco Rossi.
19:27 of 2nd period - Stopped by John Gibson with a rebound.
19:39 of 2nd period - J.J. Moser is hit by Keegan Kolesar and loses puck.
Goals for this period are 0 for Detroit Red Wings vs 0 for Quebec Nordiques.
Shots for this period are 13 for Detroit Red Wings vs 12 for Quebec Nordiques.
3rd period
0:01 of 3rd period - Zach Benson wins face-off versus Patrick Kane in neutral zone.
0:23 of 3rd period - Icing by Shane Pinto.
0:24 of 3rd period - Shane Pinto wins face-off versus Mika Zibanejad in Quebec Nordiques zone.
0:24 of 3rd period - Shane Pinto is hit by Carter Verhaeghe.
0:37 of 3rd period - Snap shot by Jordan Greenway.
0:37 of 3rd period - Stopped by Calvin Pickard without a rebound.
0:38 of 3rd period - Shane Pinto wins face-off versus Steven Stamkos in Detroit Red Wings zone.
1:30 of 3rd period - Wrist shot by Jordan Greenway.
1:30 of 3rd period - Stopped by Calvin Pickard with a rebound.
1:56 of 3rd period - Snap shot by Rem Pitlick.
1:56 of 3rd period - Stopped by Calvin Pickard with a rebound.
2:41 of 3rd period - Wrist shot by Cole Perfetti.
2:41 of 3rd period - Stopped by Calvin Pickard without a rebound.
2:42 of 3rd period - Michael McCarron wins face-off versus Steven Stamkos in Detroit Red Wings zone.
2:53 of 3rd period - Snap shot by Jordan Greenway.
2:53 of 3rd period - Stopped by Calvin Pickard with a rebound.
3:35 of 3rd period - Wrist shot by Daniel Sprong.
3:35 of 3rd period - Deflect By Christian Fischer.
3:35 of 3rd period - Stopped by John Gibson without a rebound.
3:36 of 3rd period - Steven Stamkos wins face-off versus Michael McCarron in Quebec Nordiques zone.
3:37 of 3rd period - Wrist shot by Patrick Kane.
3:37 of 3rd period - Stopped by John Gibson with a rebound.
3:39 of 3rd period - Slapshot by Kevin Shattenkirk.
3:39 of 3rd period - Shot Blocked by Michael McCarron.
3:41 of 3rd period - Slapshot by Patrick Kane.
3:41 of 3rd period - Stopped by John Gibson without a rebound.
3:42 of 3rd period - Michael McCarron wins face-off versus Steven Stamkos in Quebec Nordiques zone.
3:57 of 3rd period - Snap shot by Steven Stamkos.
3:57 of 3rd period - Stopped by John Gibson without a rebound.
3:58 of 3rd period - Mika Zibanejad wins face-off versus Shane Pinto in Quebec Nordiques zone.
4:25 of 3rd period - Kirby Dach is hit by Raphael Lavoie and loses puck.
4:51 of 3rd period - Off-side.
4:52 of 3rd period - Shane Pinto wins face-off versus Mika Zibanejad in neutral zone.
4:55 of 3rd period - Jackson LaCombe is hit by Anthony Duclair and loses puck.
6:25 of 3rd period - Wrist shot by Patrick Kane.
6:25 of 3rd period - Shot Misses the Net.
6:39 of 3rd period - MacKenzie Weegar is hit by J.J. Moser and loses puck.
7:00 of 3rd period - Snap shot by Andreas Athanasiou.
7:00 of 3rd period - Shot Blocked by Kevin Shattenkirk.
7:08 of 3rd period - Jordan Greenway is hit by Daniel Sprong and loses puck.
8:09 of 3rd period - Shayne Gostisbehere is hit by Jonas Siegenthaler.
8:13 of 3rd period - Patrick Kane is hit by Shane Pinto and loses puck.
8:29 of 3rd period - Daniel Sprong is hit by Marco Rossi and loses puck.
8:44 of 3rd period - Jackson LaCombe is hit by Alec Martinez and loses puck.
9:06 of 3rd period - Shane Pinto is hit by MacKenzie Weegar.
9:10 of 3rd period - Mika Zibanejad is hit by Zach Benson and loses puck.
9:33 of 3rd period - Shane Pinto is hit by MacKenzie Weegar and loses puck.
9:40 of 3rd period - Snap shot by Mika Zibanejad.
9:40 of 3rd period - Stopped by John Gibson with a rebound.
9:50 of 3rd period - Wrist shot by Zach Benson.
9:50 of 3rd period - Shot Misses the Net.
9:52 of 3rd period - Snap shot by Marc Staal.
9:52 of 3rd period - Deflect By Shane Pinto.
9:52 of 3rd period - Shot Misses the Net.
9:52 of 3rd period - Puck is out of play.
9:53 of 3rd period - Marco Rossi wins face-off versus Steven Stamkos in Detroit Red Wings zone.
10:18 of 3rd period - Alec Martinez is hit by Christian Fischer and loses puck.
10:29 of 3rd period - Raphael Lavoie is hit by Michael McCarron and loses puck.
11:14 of 3rd period - Marc Staal is hit by Zach Bogosian.
11:46 of 3rd period - Patrick Kane is hit by Alec Martinez and loses puck.
12:05 of 3rd period - Slapshot by Brendan Gallagher.
12:05 of 3rd period - Stopped by John Gibson without a rebound.
12:06 of 3rd period - Marco Rossi wins face-off versus Kevin Stenlund in Quebec Nordiques zone.
12:33 of 3rd period - Kirby Dach is hit by Keegan Kolesar and loses puck.
12:48 of 3rd period - Kevin Stenlund is hit by Marco Rossi and loses puck.
13:17 of 3rd period - MacKenzie Weegar is hit by Justin Holl.
13:41 of 3rd period - Snap shot by Marc Staal.
13:41 of 3rd period - Shot Misses the Net.
13:46 of 3rd period - Off-side.
13:47 of 3rd period - Mika Zibanejad wins face-off versus Anthony Duclair in neutral zone.
14:14 of 3rd period - Anthony Duclair is hit by Jackson LaCombe and loses puck.
14:25 of 3rd period - Snap shot by Daniel Sprong.
14:25 of 3rd period - Shot Misses the Net.
14:27 of 3rd period - Snap shot by Zach Bogosian.
14:27 of 3rd period - Stopped by John Gibson without a rebound.
14:28 of 3rd period - Jordan Greenway wins face-off versus Steven Stamkos in Quebec Nordiques zone.
15:22 of 3rd period - Wrist shot by Zach Benson.
15:22 of 3rd period - Shot Blocked by Raphael Lavoie.
15:24 of 3rd period - Slapshot by Justin Holl.
15:24 of 3rd period - Deflect By Zach Benson.
15:24 of 3rd period - Shot Misses the Net.
15:24 of 3rd period - Puck is out of play.
15:25 of 3rd period - Christian Fischer wins face-off versus Anthony Duclair in Detroit Red Wings zone.
15:32 of 3rd period - Snap shot by Daniel Sprong.
15:32 of 3rd period - Stopped by John Gibson with a rebound.
15:57 of 3rd period - J.J. Moser is hit by Daniel Sprong and loses puck.
16:30 of 3rd period - Snap shot by Christian Fischer.
16:30 of 3rd period - Stopped by John Gibson with a rebound.
16:32 of 3rd period - Slapshot by Shayne Gostisbehere.
16:32 of 3rd period - Shot Misses the Net.
16:34 of 3rd period - Slapshot by Shayne Gostisbehere.
16:34 of 3rd period - Stopped by John Gibson with a rebound.
16:36 of 3rd period - Slapshot by Shayne Gostisbehere.
16:36 of 3rd period - Shot Misses the Net.
16:38 of 3rd period - Slapshot by Shayne Gostisbehere.
16:38 of 3rd period - Shot Misses the Net.
16:40 of 3rd period - Snap shot by Christian Fischer.
16:40 of 3rd period - Shot Misses the Net.
16:42 of 3rd period - Slapshot by Zach Bogosian.
16:42 of 3rd period - Shot Blocked by Ryan Poehling.
16:44 of 3rd period - Slapshot by Shayne Gostisbehere.
16:44 of 3rd period - Shot Blocked by Ryan Poehling.
16:46 of 3rd period - Snap shot by Shayne Gostisbehere.
16:46 of 3rd period - Stopped by John Gibson with a rebound.
16:48 of 3rd period - Snap shot by Christian Fischer.
16:48 of 3rd period - Shot Misses the Net.
16:50 of 3rd period - Slapshot by Raphael Lavoie.
16:50 of 3rd period - Stopped by John Gibson with a rebound.
16:52 of 3rd period - Backhand shot by Zach Bogosian.
16:52 of 3rd period - Shot Blocked by Michael Anderson.
16:56 of 3rd period - Snap shot by Daniel Sprong.
16:56 of 3rd period - Stopped by John Gibson with a rebound.
17:14 of 3rd period - Snap shot by Daniel Sprong.
17:14 of 3rd period - Deflect By Christian Fischer.
17:14 of 3rd period - Shot Misses the Net.
17:14 of 3rd period - Puck is out of play.
17:15 of 3rd period - Jordan Greenway wins face-off versus Steven Stamkos in Quebec Nordiques zone.
17:15 of 3rd period - Jordan Greenway is hit by Jackson LaCombe.
17:41 of 3rd period - Shane Pinto is hit by Matthew Boldy and loses puck.
19:19 of 3rd period - Michael Anderson is hit by Jackson LaCombe.
19:43 of 3rd period - Wrist shot by Andreas Athanasiou.
19:43 of 3rd period - Stopped by Calvin Pickard with a rebound.
19:45 of 3rd period - Slapshot by J.J. Moser.
19:45 of 3rd period - Stopped by Calvin Pickard with a rebound.
Goals for this period are 0 for Detroit Red Wings vs 0 for Quebec Nordiques.
Shots for this period are 13 for Detroit Red Wings vs 7 for Quebec Nordiques.
Overtime #1
0:01 of 1st overtime period - Shane Pinto wins face-off versus Mika Zibanejad in neutral zone.
0:04 of 1st overtime period - MacKenzie Weegar is hit by Anthony Duclair and loses puck.
0:32 of 1st overtime period - Slapshot by Marco Rossi.
0:32 of 1st overtime period - Shot Misses the Net.
0:35 of 1st overtime period - Icing by Mika Zibanejad.
0:36 of 1st overtime period - Marco Rossi wins face-off versus Mika Zibanejad in Detroit Red Wings zone.
2:02 of 1st overtime period - Icing by Shane Pinto.
2:03 of 1st overtime period - Steven Stamkos wins face-off versus Anthony Duclair in Quebec Nordiques zone.
2:32 of 1st overtime period - Wrist shot by Steven Stamkos.
2:32 of 1st overtime period - Stopped by John Gibson with a rebound.
2:34 of 1st overtime period - Snap shot by Matthew Boldy.
2:34 of 1st overtime period - Shot Blocked by Shane Pinto.
2:36 of 1st overtime period - Slapshot by Jackson LaCombe.
2:36 of 1st overtime period - Stopped by John Gibson without a rebound.
2:37 of 1st overtime period - Mika Zibanejad wins face-off versus Marco Rossi in Quebec Nordiques zone.
2:38 of 1st overtime period - Wrist shot by Carter Verhaeghe.
2:38 of 1st overtime period - Stopped by John Gibson without a rebound.
2:39 of 1st overtime period - Mika Zibanejad wins face-off versus Marco Rossi in Quebec Nordiques zone.
3:38 of 1st overtime period - Shane Pinto is hit by MacKenzie Weegar and loses puck.
3:57 of 1st overtime period - Marco Rossi is hit by MacKenzie Weegar and loses puck.
4:18 of 1st overtime period - Jordan Greenway is hit by Steven Stamkos and loses puck.
4:57 of 1st overtime period - Wrist shot by Anthony Duclair.
4:57 of 1st overtime period - Stopped by Calvin Pickard with a rebound.
Goals for this period are 0 for Detroit Red Wings vs 0 for Quebec Nordiques.
Shots for this period are 3 for Detroit Red Wings vs 1 for Quebec Nordiques.
ShootOut
5:00 of 1st overtime period - Round #1.
5:00 of 1st overtime period - Detroit Red Wings, Mika Zibanejad.
5:00 of 1st overtime period - Wrist shot by Mika Zibanejad.
5:00 of 1st overtime period - Stopped by John Gibson.
5:00 of 1st overtime period - Quebec Nordiques, Zach Benson.
5:00 of 1st overtime period - Deke by Zach Benson.
5:00 of 1st overtime period - Stopped by Calvin Pickard.
5:00 of 1st overtime period - Round #2.
5:00 of 1st overtime period - Detroit Red Wings, Steven Stamkos.
5:00 of 1st overtime period - Deke by Steven Stamkos.
5:00 of 1st overtime period - Shot Misses the Net.
5:00 of 1st overtime period - Quebec Nordiques, Kirby Dach.
5:00 of 1st overtime period - Snap shot by Kirby Dach.
5:00 of 1st overtime period - Stopped by Calvin Pickard.
5:00 of 1st overtime period - Round #3.
5:00 of 1st overtime period - Detroit Red Wings, Matthew Boldy.
5:00 of 1st overtime period - Snap shot by Matthew Boldy.
5:00 of 1st overtime period - Stopped by John Gibson.
5:00 of 1st overtime period - Quebec Nordiques, Anthony Duclair.
5:00 of 1st overtime period - Snap shot by Anthony Duclair.
5:00 of 1st overtime period - Stopped by Calvin Pickard.
5:00 of 1st overtime period - Round #4.
5:00 of 1st overtime period - Detroit Red Wings, Carter Verhaeghe.
5:00 of 1st overtime period - Deke by Carter Verhaeghe.
5:00 of 1st overtime period - Shot Misses the Net.
5:00 of 1st overtime period - Quebec Nordiques, Shane Pinto.
5:00 of 1st overtime period - Backhand shot by Shane Pinto.
5:00 of 1st overtime period - Stopped by Calvin Pickard.
5:00 of 1st overtime period - Round #5.
5:00 of 1st overtime period - Detroit Red Wings, Jared McCann.
5:00 of 1st overtime period - Deke by Jared McCann.
5:00 of 1st overtime period - Stopped by John Gibson.
5:00 of 1st overtime period - Quebec Nordiques, Andreas Athanasiou.
5:00 of 1st overtime period - Backhand shot by Andreas Athanasiou.
5:00 of 1st overtime period - Shot Misses the Net.
5:00 of 1st overtime period - Round #6.
5:00 of 1st overtime period - Detroit Red Wings, Zach Bogosian.
5:00 of 1st overtime period - Wrist shot by Zach Bogosian.
5:00 of 1st overtime period - Stopped by John Gibson.
5:00 of 1st overtime period - Quebec Nordiques, Rem Pitlick.
5:00 of 1st overtime period - Wrist shot by Rem Pitlick.
5:00 of 1st overtime period - Stopped by Calvin Pickard.
5:00 of 1st overtime period - Round #7.
5:00 of 1st overtime period - Detroit Red Wings, Patrick Kane.
5:00 of 1st overtime period - Snap shot by Patrick Kane.
5:00 of 1st overtime period - Goal by Patrick Kane.
5:00 of 1st overtime period - Quebec Nordiques, Kevin Rooney.
5:00 of 1st overtime period - Wrist shot by Kevin Rooney.
5:00 of 1st overtime period - Goal by Kevin Rooney.
5:00 of 1st overtime period - Round #8.
5:00 of 1st overtime period - Detroit Red Wings, Kevin Shattenkirk.
5:00 of 1st overtime period - Snap shot by Kevin Shattenkirk.
5:00 of 1st overtime period - Stopped by John Gibson.
5:00 of 1st overtime period - Quebec Nordiques, J.J. Moser.
5:00 of 1st overtime period - Backhand shot by J.J. Moser.
5:00 of 1st overtime period - Stopped by Calvin Pickard.
5:00 of 1st overtime period - Round #9.
5:00 of 1st overtime period - Detroit Red Wings, Raphael Lavoie.
5:00 of 1st overtime period - Deke by Raphael Lavoie.
5:00 of 1st overtime period - Goal by Raphael Lavoie.
5:00 of 1st overtime period - Quebec Nordiques, Michael Anderson.
5:00 of 1st overtime period - Deke by Michael Anderson.
5:00 of 1st overtime period - Stopped by Calvin Pickard.
Back to the Top